 Dungeon Crawl Stone Soup version 0.30-a0-1161-g0704695555 (webtiles) character file.

Game seed: 15997609158106075630

7 kae the Insei (level 1, 0/15 HPs)
             Began as a Demigod Transmuter on Apr 27, 2023.
             Slain by an adder (2 damage)
             ... on level 2 of the Dungeon.
             The game lasted 00:00:20 (185 turns).

kae the Insei (Demigod Transmuter)                   Turns: 185, Time: 00:00:21

Health: 0/15       AC:  2    Str: 11    XL:     1   Next: 66%
Magic:  3/5        EV: 12    Int: 15    God:
Gold:   46         SH:  0    Dex: 14    Spells: 2/3 levels left

rFire   . .          .
                       - Unarmed
rCold   . . .        (no shield)
rNeg    . . .        a - +0 robe
rPois   .            (helmet currently unavailable)
rElec   .            (no cloak)
rCorr   .            (no gloves)
SInv    .            (boots currently unavailable)
Will    .....        (no amulet)
Stlth   +            (no ring)
HPRegen 0.22/turn    (no ring)
MPRegen 0.09/turn

%: no passive effects
@: lethally poisoned (0 -> -5), appendages
A: horns 2, talons 2, high MP 1, forlorn, divine attributes
a: End Transformation


You were on level 2 of the Dungeon.
You had temporarily grown beastly horns and talons.
You visited 1 branch of the dungeon, and saw 2 of its levels.

You collected 46 gold pieces.


Innate Abilities, Weirdness & Mutations

You have temporarily grown beastly horns and talons.
You have an increased reservoir of magic. (+10% MP)
You shall have no god before yourself.
Your divine heritage dramatically boosts your attributes as you level up.


   Skills:
 - Level 0.8 Fighting
 - Level 1.7 Dodging
 - Level 2.6 Unarmed Combat
 + Level 1.9 Spellcasting
 + Level 2.0 Transmutations
 + Level 0.6 Poison Magic


You had 2 spell levels left.
You knew the following spells:

 Your Spells              Type           Power      Damage    Failure   Level
a - Beastly Appendage     Tmut           14%        N/A       10%         1

Your spell library contained the following spells:

 Spells                   Type           Power      Damage    Failure   Level
 Wereblood                Tmut           7%         N/A       14%         2
 Spider Form              Tmut/Pois      5%         N/A       36%         3
 Ice Form                 Ice/Tmut       4%         N/A       82%         4

Inventory:

Missiles
 c - 14 stones
Armour
 a - a +0 robe (worn)
Scrolls
 d - a scroll of immolation {unknown}
Potions
 b - a potion of lignification {!q}

Dungeon Overview and Level Annotations

Branches:
Dungeon (1/15) Zot: 11814

#.....!.
.+++
...#..#
.#.
....$#...
....#..
...#.##
.....
#g.# #S#
##@######
#.......#
#..####.#
#..# #.##
#..# #..+
#..# ####
...#
.>.## ...


You could see an adder and a goblin.


Message History

You grow a pair of large bovine horns.
Your feet morph into talons.
The kobold throws a stone.
The stone barely misses you. 😎 MP[-1]
You lost 1 mp, and now have 4/5 mp.
You closely miss the kobold. You headbutt the kobold.
You kill the kobold!
No target in view!
c - 14 stones (gained 5)
Things that are here:
a +0 whip; a kobold corpse Your transformation is almost over.
Your horns disappear.
Your talons disappear.
Found a stone staircase leading down.
You now have 29 gold pieces (gained 6). 😎 MP[+1]
Your mp is fully restored (5).
There is a stone staircase leading down here.
A hobgoblin comes into view.
A hobgoblin is nearby!
A hobgoblin is nearby!
The hobgoblin closely misses you.
Casting: Beastly Appendage (safe; 10% risk of failure)
Confirm with . or Enter, or press ? or * to list all spells.
You grow a pair of large bovine horns.
Your feet morph into talons.
The hobgoblin hits you. The hobgoblin hits you. 😮 HP[-5] MP[-1]
You take 5 damage, and now have 10/15 hp.
MASSIVE DAMAGE!! (PAUSE)
You lost 1 mp, and now have 4/5 mp.
A hobgoblin is nearby!
You are too injured to fight recklessly!
You are too injured to fight recklessly!
A hobgoblin is nearby!
You are too injured to fight recklessly!
You are too injured to fight recklessly!
Unknown command.
You closely miss the hobgoblin. You claw the hobgoblin.
Your headbutt misses the hobgoblin. The hobgoblin misses you.
You hit the hobgoblin.
You kill the hobgoblin!
Your Transmutations skill increases to level 2!
d - a scroll labelled MIECWE CACECO You see here a hobgoblin corpse.
Unknown command.
Your transformation is almost over.
A sourceless malevolence fills the Dungeon...
You fall into a shaft and drop 1 floor!
The shaft crumbles and collapses.
Your horns disappear.
Your talons disappear.
You now have 46 gold pieces (gained 17).
A goblin comes into view. It is wielding a +0 club.
Found 9 gold pieces.
Found a stone staircase leading down.
The goblin shouts!
The goblin moves out of view. 😎 HP[+5] MP[+1]
Your hp is fully restored (15).
Your mp is fully restored (5).
Unknown command.
A goblin is nearby!
A goblin is nearby!
A goblin is nearby!
An adder comes into view.
The adder hisses angrily.
The goblin barely misses you.
Casting: Beastly Appendage (safe; 10% risk of failure)
Confirm with . or Enter, or press ? or * to list all spells.
You grow a pair of large bovine horns.
Your feet morph into talons.
The goblin hits you with a +0 club. The adder bites you.
You are poisoned.
The adder poisons you!
The goblin closely misses you. 😕 HP[-3] MP[-1]
You take 3 damage, and now have 12/15 hp.
You lost 1 mp, and now have 4/5 mp.
You feel sick. 😮 HP[-2]
You take 2 damage, and now have 10/15 hp.
Casting: Beastly Appendage (safe; 10% risk of failure)
Confirm with . or Enter, or press ? or * to list all spells.
You extend your transformation's duration.
You feel sick. The adder completely misses you.
You feel sick. The adder misses you. The adder bites you.
* * * LOW HITPOINT WARNING * * *
You are lethally poisoned!
The adder poisons you! 😨 HP[-5] MP[-1]
You take 5 damage, and now have 5/15 hp.
MASSIVE DAMAGE!! (PAUSE)
You lost 1 mp, and now have 3/5 mp.
Okay, then.
You closely miss the adder. Your kick misses the adder.
* * * LOW HITPOINT WARNING * * *
You feel sick. The adder misses you. 😱 HP[-2]
You take 2 damage, and now have 3/15 hp.
Unknown command.
You miss the adder.
* * * LOW HITPOINT WARNING * * *
You feel sick. The adder bites you.
You die...

Skill      XL: |  1 |
---------------+----+-----
Transmutations | 2 |  2.0
Fighting       | |  0.8
Dodging        | |  1.7
Unarmed Combat | |  2.6
Spellcasting   | |  1.9
Poison Magic   | |  0.6

Action                     || total
---------------------------++-------
  Melee: Unarmed           ||    16
         Kick              ||     2
         Headbutt          ||     2
   Cast: Beastly Appendage ||     7
 Armour: Robe              ||     2
  Dodge: Dodged            ||    18

Levels and vault maps discovered:
D:1:      dpeg_arrival_shrine, layout_loops_cross
D:2:      layout_basic, serial_shops, nicolae_shop_stone, shop,
          nicolae_shop_trees, nicolae_shop_advertising_works
          [nicolae_subvault_shop_adworks], nicolae_shop_tiny_real_fake_doors,
          shapermc_ecumenical_altar_acropolis, minmay_fractal_squares_gapless_5,
          uniq_jessica

Notes
Turn   | Place    | Note
-------+----------+-------------------------------------------
     0 | D:1      | kae the Demigod Transmuter began the quest for the Orb.
     0 | D:1      | Reached XP level 1. HP: 15/15 MP: 5/5
     0 | D:1      | magus.rc [v1.11.3]
   148 | D:1      | Reached skill level 2 in Transmutations
   157 | D:1      | You fall into a shaft and drop 1 floor!
   184 | D:2      | HP: 3/15 [poisoned by an adder]
   185 | D:2      | Slain by an adder

Vanquished Creatures
  2 hobgoblins (D:1)
  4 kobolds (D:1)
6 creatures vanquished.

Table legend:
 A = Non-vault XP
 B = Vault XP
 C = Vault XP percentage of total XP
 D = Non-vault monster count
 E = Vault monster count
 F = Vault count percentage of total count
                 A         B        C        D         E       F
            +---------+---------+-------+---------+---------+-------
      Total |      10 |       0 |   0.0 |       6 |       0 |   0.0
            +---------+---------+-------+---------+---------+-------
        D:1 |      10 |       0 |   0.0 |       6 |       0 |   0.0
            +---------+---------+-------+---------+---------+-------

Skill      XL: |  1 |
---------------+----+-----
Transmutations | 2 |  2.0
Fighting       | |  0.8
Dodging        | |  1.7
Unarmed Combat | |  2.6
Spellcasting   | |  1.9
Poison Magic   | |  0.6

Action                     || total
---------------------------++-------
  Melee: Unarmed           ||    16
         Kick              ||     2
         Headbutt          ||     2
   Cast: Beastly Appendage ||     7
 Armour: Robe              ||     2
  Dodge: Dodged            ||    18

Illustrated notes

Table legend:
 A = Kills in this place as a percentage of kills in the entire game.
 B = Kills by you in this place as a percentage of kills by you in the entire game.
 C = Kills by friends in this place as a percentage of kills by friends in the entire game.
 D = Other kills in this place as a percentage of other kills in the entire game.
 E = Experience gained in this place as a percentage of experience gained in the entire game.
 F = Experience gained in this place divided by the number of levels of this place that you have seen.
                   A       B       C       D       E      F
               +-------+-------+-------+-------+-------+----------------------
         Total | 100.0 | 100.0 |   N/A |   N/A | 100.0 |   5.0
       Dungeon | 100.0 | 100.0 |   N/A |   N/A | 100.0 |   5.0
               +-------+-------+-------+-------+-------+----------------------

Table legend: (Time is in decaauts)
 A = Elapsed time spent in this place.
 B = Non-inter-level travel time spent in this place.
 C = Inter-level travel time spent in this place.
 D = Time resting spent in this place.
 E = Time spent auto-exploring this place.
 F = Levels seen in this place.
 G = Mean time per level.
                   A        B        C        D        E       F      G
               +--------+--------+--------+--------+--------+-----+--------+
         Total |    184 |    184 |      0 |      0 |    129 |   2 |   92.0 |
       Dungeon |    184 |    184 |      0 |      0 |    129 |   2 |   92.0 |
               +--------+--------+--------+--------+--------+-----+--------+

Top non-repeatable levels by time:
     D:1: 156 daAuts
     D:2: 27 daAuts
